 Dungeon Crawl Stone Soup version 0.29.1-1-gd02db6906a (webtiles) character file.

Game seed: 8990111956056772360

364 MisterFreud the Carver (level 6, -1/47 HPs)
             Began as a Gnoll Wanderer on Sept 18, 2022.
             Slain by a black bear (2 damage)
             ... on level 4 of the Dungeon.
             The game lasted 00:05:16 (4348 turns).

MisterFreud the Carver (Gnoll Wanderer)             Turns: 4348, Time: 00:05:16

Health: -1/47      AC:  3    Str:  8    XL:     6   Next: 67%
Magic:  11/11      EV: 12    Int: 14    God:
Gold:   167        SH:  0    Dex: 14    Spells: 11/12 levels left

rFire   . . .      SeeInvis .   p - +2 quarterstaff (freeze)
rCold   . . .      Faith    .   (shield currently unavailable)
rNeg    . . .      Spirit   .   d - +1 robe
rPois   .          Reflect  .   (no helmet)
rElec   .          Harm     .   (no cloak)
rCorr   .          Rampage  .   (no gloves)
Will    .....                   (no boots)
Stlth   ++........              s - amulet of the acrobat
HPRegen 0.15/turn               (no ring)
MPRegen 0.12/turn               (no ring)

@: no status effects
A: fangs 1, strong nose, distributed training
a: no special abilities


You were on level 4 of the Dungeon.
You visited 1 branch of the dungeon, and saw 4 of its levels.

You collected 167 gold pieces.

Inventory:

Hand Weapons
 a - a +0 falchion of freezing
 l - a +2 dagger of flaming
 p - a +2 quarterstaff of freezing (weapon)
 q - the +1 double sword of Regicide {flame, Fly rPois rC- Int-4}
   (You acquired it on level 4 of the Dungeon)

   It burns those it strikes, dealing additional fire damage.
   Big, fiery blades are also staple armaments of hydra-hunters.
   Int:       It affects your intelligence (-4).
   rC:        It makes you vulnerable to cold.
   rPois:     It protects you from poison.
   Fly:       It grants you flight.
Missiles
 b - 2 poisoned darts
 e - 2 atropa-tipped darts
 r - 2 boomerangs
Armour
 d - a +1 robe (worn)
Jewellery
 s - an amulet of the acrobat (around neck)
Wands
 t - a wand of iceblast (8)
Scrolls
 c - a scroll of blinking
 h - a scroll of fear
 j - a scroll of teleportation
Potions
 f - a potion of cancellation {unknown}
 g - 4 potions of heal wounds
 i - 2 potions of haste {unknown}
 k - 2 potions of brilliance {unknown}
 m - 3 potions of curing
 n - 4 potions of degeneration
 o - 2 potions of mutation {unknown}


   Skills:
 + Level 3.3 Fighting
 + Level 2.1 Short Blades
 + Level 8.8 Long Blades
 + Level 2.1 Axes
 + Level 2.1 Maces & Flails
 + Level 2.1 Polearms
 + Level 2.1 Staves
 + Level 2.1 Ranged Weapons
 + Level 2.1 Throwing
 + Level 2.1 Armour
 + Level 2.1 Dodging
 + Level 2.1 Stealth
 + Level 3.3 Shields
 + Level 2.1 Unarmed Combat
 + Level 3.5 Spellcasting
 + Level 1.7 Conjurations
 + Level 1.7 Hexes
 + Level 5.7 Summonings
 + Level 1.7 Necromancy
 + Level 1.7 Translocations
 + Level 1.7 Transmutations
 + Level 1.7 Fire Magic
 + Level 1.7 Ice Magic
 + Level 1.7 Air Magic
 + Level 1.7 Earth Magic
 + Level 1.7 Poison Magic
 + Level 2.3 Invocations
 + Level 2.1 Evocations


You had 11 spell levels left.
You knew the following spells:

 Your Spells              Type           Power      Damage    Failure   Level
a - Summon Small Mammal   Summ           72%        N/A       1%          1

Your spell library contained the following spells:

 Spells                   Type           Power      Damage    Failure   Level
 Call Imp                 Summ           18%        N/A       3%          2
 Call Canine Familiar     Summ           18%        N/A       6%          3
 Foxfire                  Conj/Fire      28%        2x1d5     10%         1
 Magic Dart               Conj           28%        1d4       10%         1
 Passwall                 Tmut/Erth      5%         N/A       16%         2
 Searing Ray              Conj           14%        2d5       16%         2
 Conjure Flame            Conj/Fire      7%         6-21      30%         3
 Gell's Gravitas          Tloc           7%         N/A       30%         3
 Inner Flame              Hex/Fire       7%         N/A       30%         3
 Lesser Beckoning         Tloc           7%         N/A       30%         3
 Mephitic Cloud           Conj/Pois/Air  7%         N/A       30%         3
 Stone Arrow              Conj/Erth      14%        3d7       30%         3
 Teleport Other           Tloc           7%         N/A       30%         3
 Flame Wave               Conj/Fire      7%         2d5       69%         4
 Fulminant Prism          Conj/Hex       3%         3d6       69%         4
 Leda's Liquefaction      Hex/Erth       3%         N/A       69%         4
 Lee's Rapid Deconstruct  Erth           3%         3d6*      95%         5


Dungeon Overview and Level Annotations

Branches:
Dungeon (4/15)             Temple (0/1) D:4

Altars:


Innate Abilities, Weirdness & Mutations

You have very sharp teeth.
Your uncanny sense of smell can sniff out nearby items.
Your experience applies equally to all skills.


Message History

You hit the black bear but do no damage.
The black bear is lightly wounded.
The black bear bites you.
* * * LOW HITPOINT WARNING * * *
The black bear claws you but does no damage.
The black bear claws you.
* * * LOW HITPOINT WARNING * * *
You hit the black bear. You freeze the black bear.
The black bear is moderately wounded.
The black bear bites you.
* * * LOW HITPOINT WARNING * * *
The black bear misses you.
The black bear claws you but does no damage.
Unknown command.
Unknown command.
You feel much better. The black bear bites you.
The black bear barely misses you. The black bear claws you.
You hit the black bear. You freeze the black bear.
The black bear is severely wounded.
The black bear closely misses you. The black bear claws you.
The black bear claws you but does no damage.
You hit the black bear. You freeze the black bear.
Your bite misses the black bear.
The black bear is severely wounded.
The black bear goes berserk!
The black bear bites you!
* * * LOW HITPOINT WARNING * * *
The black bear misses you.
The black bear claws you but does no damage.
You feel much better. The black bear bites you! The black bear claws you.
The black bear closely misses you.
You barely miss the black bear.
The black bear is severely wounded.
The black bear bites you!
* * * LOW HITPOINT WARNING * * *
The black bear claws you.
* * * LOW HITPOINT WARNING * * *
The black bear claws you.
* * * LOW HITPOINT WARNING * * *
The black bear bites you.
You die...

. .## #.. #.# #####
#.. #...######h# .
#####.....@ho#.# ...
#........###.#.#...#.
#.####.#.#
#....(...># #.#
##.#.# ###.......# #
#.# #..#.# #.##.##.#
# #.# #.##.# #.# .#
## #.###.##.# #.. .
#. #..).....# ####+##
#. #####.#### ##...##
#.


You could see a black bear (berserk) and an orc priest.

Vanquished Creatures
  2 scorpions
  An orc priest (D:4)
  Crazy Yiuf (D:2)
  Ijyb (D:4)
  An iguana (D:4)
  3 adders
  3 worms
  A dart slug (D:3)
  7 orcs (D:4)
  7 bats
  5 endoplasms
  A giant cockroach (D:1)
  3 goblins (D:1)
  3 hobgoblins
  3 kobolds
  3 quokkas
  6 ball pythons
  2 frilled lizards
  7 rats
60 creatures vanquished.

Vanquished Creatures (collateral kills)
  Terence (D:2)
  An adder (D:2)
  A bat (D:2)
  2 endoplasms
  A quokka (D:2)
6 creatures vanquished.

Grand Total: 66 creatures vanquished

Notes
Turn   | Place    | Note
-------+----------+-------------------------------------------
     0 | D:1      | MisterFreud the Gnoll Wanderer began the quest for the Orb.
     0 | D:1      | MisterFreud set off with the following items: a +0
                  | falchion, a +0 buckler, a scroll of blinking, a +0 robe;
                  | and the following spell memorised: Summon Small Mammal; and
                  | the following spells available to memorise: Call Imp, Call
                  | Canine Familiar.
     0 | D:1      | Reached XP level 1. HP: 17/17 MP: 4/4
   186 | D:1      | Reached XP level 2. HP: 23/23 MP: 5/5
   816 | D:1      | Got the Vademecum on Minerals
   847 | D:2      | Reached XP level 3. HP: 18/28 MP: 5/7
  1214 | D:2      | Reached skill level 1 in Invocations
  1258 | D:2      | Reached skill level 1 in Short Blades
  1258 | D:2      | Reached skill level 1 in Axes
  1258 | D:2      | Reached skill level 1 in Maces & Flails
  1258 | D:2      | Reached skill level 1 in Polearms
  1258 | D:2      | Reached skill level 1 in Staves
  1258 | D:2      | Reached skill level 1 in Ranged Weapons
  1258 | D:2      | Reached skill level 1 in Throwing
  1258 | D:2      | Reached skill level 1 in Armour
  1258 | D:2      | Reached skill level 1 in Dodging
  1258 | D:2      | Reached skill level 1 in Stealth
  1258 | D:2      | Reached skill level 1 in Unarmed Combat
  1258 | D:2      | Reached skill level 1 in Evocations
  1378 | D:2      | Found a runed translucent door.
  1379 | D:2      | Noticed Crazy Yiuf
  1454 | D:2      | Found a faded altar of an unknown god.
  1546 | D:2      | Reached XP level 4. HP: 12/34 MP: 5/8
  1807 | D:2      | Noticed Terence
  1821 | D:2      | Killed Terence
  1822 | D:2      | Reached skill level 1 in Conjurations
  1822 | D:2      | Reached skill level 1 in Hexes
  1822 | D:2      | Reached skill level 1 in Necromancy
  1822 | D:2      | Reached skill level 1 in Translocations
  1822 | D:2      | Reached skill level 1 in Transmutations
  1822 | D:2      | Reached skill level 1 in Fire Magic
  1822 | D:2      | Reached skill level 1 in Ice Magic
  1822 | D:2      | Reached skill level 1 in Air Magic
  1822 | D:2      | Reached skill level 1 in Earth Magic
  1822 | D:2      | Reached skill level 1 in Poison Magic
  2225 | D:2      | Killed Crazy Yiuf
  2226 | D:2      | Reached XP level 5. HP: 14/40 MP: 9/9
  3470 | D:4      | Noticed Ijyb
  3481 | D:4      | Killed Ijyb
  3482 | D:4      | Reached XP level 6. HP: 24/47 MP: 9/11
  3796 | D:4      | Identified a scroll of acquirement
  3796 | D:4      | Acquired the +1 double sword of Regicide {flame, Fly rPois
                  | rC- Int-4}
  4330 | D:4      | Found a staircase to the Ecumenical Temple.
  4330 | D:4      | Noticed a black bear
  4348 | D:4      | HP: 1/47 [black bear (4)]
  4348 | D:4      | Slain by a black bear

Illustrated notes

Levels and vault maps discovered:
D:1:      minmay_arrival_shattered_statue, layout_rooms, nrook_mini_vaults,
          corexii_corridor_pit, minmay_pentomino_w2
D:2:      layout_basic, dreamdust_ecumenical_altar_hidden_monk_grotto,
          minmay_indecisive_spiral, uniq_terence, uniq_crazy_yiuf_cottage
D:3:      layout_rooms
D:4:      minmay_octagon_keep, layout_loops_corners,
          minmay_temple_entry_proselytizer, uniq_ijyb

Skill      XL: |  1  2  3  4  5  6 |
---------------+-------------------+-----
Invocations    | 1 2 |  2.3
Short Blades   | 1 2 |  2.1
Axes           | 1 2 |  2.1
Maces & Flails | 1 2 |  2.1
Polearms       | 1 2 |  2.1
Staves         | 1 2 |  2.1
Ranged Weapons | 1 2 |  2.1
Throwing       | 1 2 |  2.1
Armour         | 1 2 |  2.1
Dodging        | 1 2 |  2.1
Stealth        | 1 2 |  2.1
Unarmed Combat | 1 2 |  2.1
Evocations     | 1 2 |  2.1
Spellcasting   | 3 |  3.5
Conjurations   | 1 |  1.7
Hexes          | 1 |  1.7
Necromancy     | 1 |  1.7
Translocations | 1 |  1.7
Transmutations | 1 |  1.7
Fire Magic     | 1 |  1.7
Ice Magic      | 1 |  1.7
Air Magic      | 1 |  1.7
Earth Magic    | 1 |  1.7
Poison Magic   | 1 |  1.7
Fighting       | 3 |  3.3
Shields        | 3 |  3.3
Long Blades    | |  8.8
Summonings     | |  5.7

Action                   |  1- 3 |  4- 6 || total
-------------------------+-------+-------++-------
Melee: Falchion          |    95 |    47 ||   142
       Bite              |    10 |    11 ||    21
       Quarterstaff      |       |    82 ||    82
 Cast: Summon Small Mamm |    13 |     4 ||    17
  Use: Scroll            |       |    12 ||    12
       Potion            |       |     2 ||     2
 Stab: Sleeping          |     1 |     4 ||     5
       Distracted        |     1 |       ||     1
Armor: Robe              |    29 |    18 ||    47
Dodge: Dodged            |    50 |    65 ||   115
Block: Buckler           |    18 |     5 ||    23
